 Dungeon Crawl Stone Soup version 0.28-a0-1182-g381e24db82 (webtiles) character file.

Game seed: 5704876947562242100

52 bearlyready the Conjurer (level 3, -1/39 HPs)
             Began as a Draconian Conjurer on Dec 16, 2021.
             Slain by Grinder (6 damage)
             ... on level 3 of the Dungeon.
             The game lasted 00:02:39 (2522 turns).

bearlyready the Conjurer (Draconian Conjurer)       Turns: 2522, Time: 00:02:39

Health: -1/39      AC:  5    Str:  9    XL:     3   Next: 60%
Magic:  0/6        EV: 12    Int: 20    God:
Gold:   78         SH:  0    Dex:  9    Spells: 3/6 levels left

rFire   . . .      SeeInvis .   f - +0 dagger
rCold   . . .      Faith    .   (no shield)
rNeg    . . .      Spirit   .   (armour unavailable)
rPois   .          Reflect  .   (helmet restricted)
rElec   .          Harm     .   (no cloak)
rCorr   .          Rampage  .   (no gloves)
Will    .....                   (no boots)
Stlth   ..........              (no amulet)
HPRegen 0.13/turn               (no ring)
MPRegen 0.10/turn               (no ring)

@: berserking, very quick
A: AC +5, unfitting armour, cold-blooded
a: no special abilities


You were on level 3 of the Dungeon.
You visited 1 branch of the dungeon, and saw 3 of its levels.

You collected 78 gold pieces.

Inventory:

Hand Weapons
 f - a +0 dagger (weapon)
Missiles
 e - 3 javelins
Scrolls
 c - a scroll of magic mapping {unknown}
 h - 3 scrolls of fear {unknown}
 i - a scroll of teleportation {unknown}
 k - 3 scrolls of identify {unknown}
Potions
 a - 2 potions of haste {unknown}
 b - a potion of berserk rage
 d - a potion of heal wounds {unknown}
 g - 2 potions of curing {unknown}
 j - a potion of brilliance {unknown}


   Skills:
 - Level 1.7 Dodging
 - Level 1.7 Stealth
 - Level 2.0 Spellcasting
 + Level 5.4 Conjurations


You had 3 spell levels left.
You knew the following spells:

 Your Spells              Type           Power      Damage    Failure   Level
a - Magic Dart            Conj           92%        1d7       1%          1
b - Searing Ray           Conj           46%        2d6       2%          2

Your spell library contained the following spells:

 Spells                   Type           Power      Damage    Failure   Level
 Dazzling Flash           Conj/Hex       24%        N/A       16%         3
 Fulminant Prism          Conj/Hex       6%         3d7       45%         4
 Iskenderun's Mystic Bla  Conj/Tloc      12%        2d5       45%         4


Dungeon Overview and Level Annotations

Branches:
Dungeon (3/15)

Altars:

Annotations:
D:3 Grinder


Innate Abilities, Weirdness & Mutations

Your plain brown scales are hard. (AC +5)
You cannot fit into any form of body armour.
You are cold-blooded and may be slowed by cold attacks.


Message History

Confirm with . or Enter, or press ? or * to list all spells.
Aiming: Searing Ray (safe; 2% risk of failure)
Press: ? - help, Shift-Dir - straight line, f/p - Grinder
Aim: Grinder (lightly wounded, 75% to hit)
The searing ray hits Grinder!
Grinder is moderately wounded. (Press . to maintain the ray.)
The searing ray hits Grinder!
Grinder is heavily wounded.
Without enough magic to sustain it, your searing ray dissipates.
Grinder blinks!
Casting: Searing Ray (safe; 2% risk of failure)
Confirm with . or Enter, or press ? or * to list all spells.
You don't have enough magic to cast this spell.
Unknown command.
You hit Grinder but do no damage.
Grinder is heavily wounded.
Grinder hits you but does no damage.
You hit Grinder but do no damage.
Grinder is heavily wounded.
Grinder gestures at you. Pain shoots through your body!
Ouch! That really hurt!
* * * LOW HITPOINT WARNING * * *
You aren't carrying any items that you can evoke.
Unknown command.
Casting: Searing Ray (safe; 2% risk of failure)
Confirm with . or Enter, or press ? or * to list all spells.
Aiming: Magic Dart (safe; 1% risk of failure)
Press: ? - help, Shift-Dir - straight line, f/p - Grinder
Aim: Grinder (heavily wounded, 100% to hit)
The magic dart hits Grinder but does no damage.
Grinder is heavily wounded.
Grinder closely misses you.
It was a potion of berserk rage.
A red film seems to cover your vision as you go berserk!
You feel yourself moving faster!
You feel mighty! Grinder hits you.
* * * LOW HITPOINT WARNING * * *
You writhe in agony.
You die...

## ## #. .. .. .. #.#
.###.###.. ... ...
#... #.###)###.#
.##...#)#...##
......#.#....#
.###......##.#
.......@.###.########
###.....5)†.........##
#......###.#####...##
####..####......###.##
#.......###.## ##.#
##.####.##.## ##. #+##
#.##.# #.
##...###.##.## ##.
##.....##.###.## ##.#


You could see Grinder.

Vanquished Creatures
  2 adders (D:2)
  A dart slug (D:2)
  An orc (D:3)
  6 ball pythons
  An endoplasm (D:2)
  4 goblins
  2 hobgoblins
  5 kobolds
  2 frilled lizards
  10 rats
34 creatures vanquished.

Notes
Turn   | Place    | Note
-------+----------+-------------------------------------------
     0 | D:1      | bearlyready the Draconian Conjurer began the quest for the
                  | Orb.
     0 | D:1      | Reached XP level 1. HP: 14/14 MP: 3/3
   899 | D:1      | Reached XP level 2. HP: 20/20 MP: 5/5
  1270 | D:2      | Found a faded altar of an unknown god.
  1841 | D:2      | Reached skill level 5 in Conjurations
  1928 | D:2      | Reached XP level 3. HP: 26/26 MP: 3/6
  1931 | D:2      | Learned a level 2 spell: Searing Ray
  2510 | D:3      | Noticed Grinder
  2522 | D:3      | Slain by Grinder

Illustrated notes

Levels and vault maps discovered:
D:1:      lemuel_arrival_muddy, layout_loops_ring, minivault_27
D:2:      minmay_chambers_of_ones, layout_basic, ebering_ecumenical_altar_box,
          minmay_rat_gold_closets
D:3:      layout_loops_corners, minmay_quantized, uniq_grinder

Skill      XL: |  1  2 |
---------------+-------+-----
Conjurations   | 5 |  5.4
Dodging        | |  1.7
Stealth        | |  1.7
Spellcasting   | |  2.0

Action                   || total
-------------------------++-------
Melee: Unarmed           ||    26
       Dagger            ||    71
       Tailslap          ||     2
 Cast: Magic Dart        ||    17
       Searing Ray       ||     4
  Use: Potion            ||     1
 Stab: Sleeping          ||     4
Armor: Skin              ||    32
Dodge: Dodged            ||    60

Table legend: (Time is in decaauts)
 A = Elapsed time spent in this place.
 B = Non-inter-level travel time spent in this place.
 C = Inter-level travel time spent in this place.
 D = Time resting spent in this place.
 E = Time spent auto-exploring this place.
 F = Levels seen in this place.
 G = Mean time per level.
                   A        B        C        D        E       F      G
               +--------+--------+--------+--------+--------+-----+--------+
         Total |   2524 |   2454 |     70 |      0 |   2181 |   3 |  841.3 |
       Dungeon |   2524 |   2454 |     70 |      0 |   2181 |   3 |  841.3 |
               +--------+--------+--------+--------+--------+-----+--------+

Top non-repeatable levels by time:
     D:1: 1259 daAuts
     D:2: 1096 daAuts
     D:3: 167 daAuts
